 Dungeon Crawl Stone Soup version 0.19-a0-1008-g4c63d25 (webtiles) character file.

292 mistymad the Skirmisher (level 6, -2/55 HPs)
             Began as a Ghoul Monk on July 22, 2016.
             Slain by a giant frog skeleton (3 damage)
             ... on level 4 of the Dungeon.
             The game lasted 00:05:23 (2646 turns).

mistymad the Skirmisher (Ghoul Monk)                Turns: 2646, Time: 00:05:24

Health: -2/55      AC:  3    Str: 19    XL:     6   Next: 33%
Magic:  5/5        EV: 12    Int:  5    God:
Gold:   282        SH:  0    Dex: 11    Spells: 0 memorised, 5 levels left

rFire  . . .     SeeInvis .     w - +0 war axe
rCold  + . .     Gourm    .     b - +0 robe
rNeg   + + +     Faith    .     n - +0 buckler (curse)
rPois  ∞         Spirit   .     (no helmet)
rElec  .         Dismiss  .     (no cloak)
rCorr  .         Reflect  .     (no gloves)
SustAt .         Harm     .     o - +0 pair of boots
MR     .....                    (no amulet)
Stlth  +.........               t - ring of wizardry
                                r - +2 ring of strength

@: confused, rotting, not resistant to hostile enchantments, very unstealthy
A: rotting body, claws 1, carnivore 3, cold resistance 1, negative energy
resistance 3, slow regeneration 1, torment resistance, unbreathing
a: no special abilities


You were on level 4 of the Dungeon.
You were not hungry.

You visited 1 branch of the dungeon, and saw 4 of its levels.

You collected 282 gold pieces.

Inventory:

Hand Weapons
 a - a +0 hand axe
 w - a +0 war axe (weapon)
Missiles
 s - 2 throwing nets (quivered)
Armour
 b - a +0 robe (worn)
 n - a cursed +0 buckler (worn)
 o - a +0 pair of boots (worn)
Jewellery
 r - a +2 ring of strength (left claw)
 t - a ring of wizardry (right claw)
Scrolls
 d - a scroll of amnesia {unknown}
 f - a scroll of teleportation {unknown}
 h - 4 scrolls of identify {unknown}
 i - 2 scrolls of immolation {unknown}
 j - a scroll of fog {unknown}
 k - 2 scrolls of remove curse {unknown}
 q - a scroll of recharging {unknown}
 y - a scroll of enchant armour {unknown}
Potions
 e - a potion of agility
 g - a potion of cure mutation {unknown}
 l - a potion of ambrosia {unknown}
 m - a potion of cancellation {unknown}
 u - a potion of might {unknown}
 v - a potion of invisibility {unknown}
 x - a potion of curing {unknown}
 z - a potion of degeneration {unknown}
 A - a potion of heal wounds
Comestibles
 c - 2 meat rations
 p - a chunk of flesh


   Skills:
 + Level 4.8 Fighting
 + Level 3.9 Axes
 + Level 2.3 Armour
 + Level 3.9 Dodging
 - Level 2.1 Stealth


You had 5 spell levels left.
You didn't know any spells.

Dungeon Overview and Level Annotations

Branches:
Dungeon (4/15)
 Temple: D:4-7

Altars:
Ashenzari
Okawaru
Trog
Uskayaw
Vehumet
Xom
Zin


Innate Abilities, Weirdness & Mutations

Your body is rotting away.
You thrive on raw meat.
You are immune to poison.
You have sharp fingernails.
You are carnivorous and can eat meat at any time.
Your flesh is cold resistant. (rC+)
You are immune to negative energy. (rN+++)
You regenerate slowly when monsters are visible.
You are immune to unholy pain and torment.
You can survive without breathing.


Message History

You hit the giant frog skeleton.
You hit the orc wizard but do no damage.
You closely miss the orc.
The orc wizard gestures at you while chanting.
The magic dart hits you! The orc wizard completely misses you.
The giant frog skeleton closely misses you.
The orc hits you with a flail.
* * * LOW HITPOINT WARNING * * *
The orc wizard gestures at you while chanting.
The magic dart hits you!
* * * LOW HITPOINT WARNING * * *
The orc wizard hits you with a dagger of venom.
* * * LOW HITPOINT WARNING * * *
You take 16 damage, and have 7/55 hp.
MASSIVE DAMAGE!!
You closely miss the orc. You hit the orc wizard.
You closely miss the giant frog skeleton.
You miss the orc wizard. The giant frog skeleton hits you.
* * * LOW HITPOINT WARNING * * *
The orc completely misses you. The giant frog skeleton hits you.
You die...

. # # ###########
##..## #.........#
....... #.........##
+##.... #...........
##### #........... #
#...oZ...... ......#
#..o@oo..... .....#
###'######## #....#
#.......# #.....
#.......# +.....
#..##..## #.....
#..############.....
#...#.........#.....
#...'.........#.....
#...#.........#.....


You could see 2 orc wizards, 2 orcs and a giant frog skeleton.

Vanquished Creatures
  An ogre (D:4)
  A centaur (D:3)
  3 adders
  An ooze (D:3)
  5 worms
  A dart slug (D:1)
  4 giant geckos
  4 orcs
  6 giant cockroaches
  5 goblins
  3 hobgoblins
  5 jackals (D:2)
  2 quokkas (D:2)
  A ball python (D:2)
  6 bats
  A giant gecko skeleton (D:4)
  4 giant newts
  11 kobolds
  9 rats
73 creatures vanquished.

Notes
Turn   | Place    | Note
-------+----------+-------------------------------------------
     0 | D:1      | mistymad the Ghoul Monk began the quest for the Orb.
     0 | D:1      | Reached XP level 1. HP: 19/19 MP: 0/0
    80 | D:1      | Reached XP level 2. HP: 6/26 MP: 1/1
   932 | D:2      | Reached XP level 3. HP: 11/33 MP: 2/2
  1245 | D:2      | Reached skill level 4 in Fighting
  1266 | D:2      | Reached skill level 1 in Armour
  1402 | D:2      | Found a radiant altar of Vehumet.
  1473 | D:2      | Reached XP level 4. HP: 24/40 MP: 3/3
  1690 | D:2      | Found a glowing silver altar of Zin.
  2325 | D:3      | Noticed a centaur
  2338 | D:3      | Killed a centaur
  2338 | D:3      | Reached XP level 5. HP: 27/47 MP: 4/4
  2395 | D:3      | Found a hide-covered altar of Uskayaw.
  2504 | D:4      | Noticed an ogre
  2506 | D:4      | Killed an ogre
  2506 | D:4      | Reached XP level 6. HP: 27/53 MP: 5/5
  2570 | D:4      | Found a shattered altar of Ashenzari.
  2571 | D:4      | Found an iron altar of Okawaru.
  2574 | D:4      | Found a shimmering altar of Xom.
  2576 | D:4      | Found a bloodstained altar of Trog.
  2646 | D:4      | HP: 1/55 [giant frog skeleton (6)]
  2646 | D:4      | Slain by a giant frog skeleton

Vault maps used:
D:1:      co_arrival_square_in_a_square_in_a_square
D:2:      zin_scriptorium, vehumet_crystals
D:3:      overflow_temple_1_default
D:4:      minitemple, first_bread, st_stairs_10, uniq_pikel, uniq_eustachio,
          uniq_blork_the_orc

Skill      XL: |  1  2  3  4 |
---------------+-------------+-----
Dodging        | 3 |  3.9
Axes           | 3 |  3.9
Fighting       | 4 |  4.8
Armour         | 1 2 |  2.3
Stealth        | |  2.1

Action                   |  1- 3 |  4- 6 || total
-------------------------+-------+-------++-------
Melee: Hand axe          |   142 |    50 ||   192
       War axe           |       |    58 ||    58
  Use: Potion            |       |     3 ||     3
 Stab: Sleeping          |     4 |     3 ||     7
       Distracted        |       |     1 ||     1
  Eat: Chunk             |    16 |    12 ||    28
       Royal jelly       |     1 |       ||     1
Armor: Robe              |    24 |    22 ||    46
Dodge: Dodged            |    87 |    70 ||   157
Block: Buckler           |     9 |    15 ||    24
